 Dungeon Crawl Stone Soup version 0.31.0-11-ge490571c62 (webtiles) character file.

Game seed: 3854525055896210852

16 Bravepunisher the Ducker (level 2, -2/16 HPs)
             Began as a Spriggan Monk on Jan 27, 2024.
             Slain by a sleepcap (6 damage)
             ... on level 4 of the Dungeon.
             The game lasted 00:02:23 (430 turns).

Bravepunisher the Ducker (Spriggan Monk)             Turns: 430, Time: 00:02:24

Health: -2/16      AC:  2    Str:  7    XL:     2   Next: 37%
Magic:  3/3        EV:  4    Int: 11    God:
Gold:   60         SH:  0    Dex: 17    Spells: 1/1 levels left

rFire   . . .        g - +2 dagger (freeze)
rCold   . . .        (no shield)
rNeg    . . .        b - +0 robe
rPois   .            (helmet restricted)
rElec   .            (no cloak)
rCorr   .            (gloves unavailable)
SInv    +            (boots unavailable)
Will    .....        (no amulet)
Stlth   ++           (no ring)
HPRegen 0.22/turn    (no ring)
MPRegen 0.08/turn

%: no passive effects
@: sleeping, very quick
A: very small, no large weapons, unfitting armour, see invisible, speed 3
a: no special abilities


You were on level 4 of the Dungeon.
You visited 1 branch of the dungeon, and saw 6 of its levels.

You collected 60 gold pieces.

Inventory:

Hand Weapons
 g - a +2 dagger of freezing (weapon)
Armour
 b - a +0 robe (worn)
Scrolls
 a - a scroll of vulnerability {unknown}
 d - a scroll of immolation {unknown}
Potions
 c - a potion of ambrosia
 e - a potion of invisibility {unknown}
 f - a potion of enlightenment {unknown}


   Skills:
 * Level 2.9 Fighting
 - Level 3.2 Short Blades
 + Level 4.4 Dodging


You had one spell level left.
You didn't know any spells.
Your spell library contained the following spells:

 Spells                   Type           Power      Damage    Failure   Level
 Dazzling Flash           Conj/Hex       0%         N/A       71%         3
 Volatile Blastmotes      Fire/Tloc      0%         2d10      71%         3
 Starburst                Conj/Fire      0%         6d3       100%        6
 Maxwell's Capacitive Co  Air            0%         ∞         100%        8


Dungeon Overview and Level Annotations

Branches:
Dungeon (6/15)
 Temple: D:4-7

Altars:
Kikubaaqudgha


Innate Abilities, Weirdness & Mutations

You are very small and have problems with some larger weapons.
You are too small for most types of armour.
You have supernaturally acute eyesight. (SInv)
You cover ground extremely quickly. (Speed+++)


Message History

You have reached level 2!
HP restored.
You see here a +0 pair of boots.
A hobgoblin comes into view.
The hobgoblin shouts!
You hit the hobgoblin. You freeze the hobgoblin.
The hobgoblin is severely wounded.
The hobgoblin barely misses you.
You hit the hobgoblin. You freeze the hobgoblin.
You kill the hobgoblin!
You see here a hobgoblin corpse.
a - a scroll labelled CULUFE MIADGHU
Found a sling.
You see here a +0 sling.
A sleepcap comes into view.
The sleepcap misses you.
You hit the sleepcap but do no damage.
You punch the sleepcap, but do no damage.
The sleepcap barely misses you.
You hit the sleepcap but do no damage. The sleepcap releases spores at you.
You are engulfed in a cloud of soporific spores!
You fall asleep.
The sleepcap releases spores at you.
You wake up.
You hit the sleepcap but do no damage. The sleepcap barely misses you.
You hit the sleepcap. You freeze the sleepcap.
The sleepcap is lightly damaged.
You hit the sleepcap but do no damage.
The sleepcap is lightly damaged.
The sleepcap barely misses you.
You completely miss the sleepcap.
The sleepcap is lightly damaged.
The sleepcap closely misses you.
You hit the sleepcap. You freeze the sleepcap.
The sleepcap is moderately damaged.
The sleepcap releases spores at you.
* * * LOW HITPOINT WARNING * * *
You are engulfed in a cloud of soporific spores!
You fall asleep.
The sleepcap releases spores at you.
You die...

............#
.).......#..##
..........#..##
..........##..## ##
..........##...# #.##
...........##..###...#
...........###.......#
..........##
##......## ..........#
#.@.....# .........##
#..f.....# #........#
#.......## ##....
#.......## ####
#....##..# ###### #..#
...# ... #


You could see a sleepcap.

Vanquished Creatures
  An adder (D:4)
  An orc (D:4)
  A giant cockroach (D:2)
  A goblin (D:4)
  A hobgoblin (D:4)
5 creatures vanquished.

Notes
Turn   | Place    | Note
-------+----------+-------------------------------------------
     0 | D:1      | Bravepunisher the Spriggan Monk began the quest for the
                  | Orb.
     0 | D:1      | Reached XP level 1. HP: 11/11 MP: 2/2
    49 | D:4      | Noticed an iguana
    73 | D:5      | Entered Level 5 of the Dungeon
    73 | D:5      | Noticed an ogre
   153 | D:5      | Found an ancient bone altar of Kikubaaqudgha.
   340 | D:4      | Reached XP level 2. HP: 14/16 MP: 3/3
   430 | D:4      | Slain by a sleepcap

Illustrated notes

Levels and vault maps discovered:
D:1:      psy_arrival_spokes, layout_loops_ring
D:2:      layout_basic, basic_altar
D:3:      layout_basic, regret_index_temple_of_mockery,
          hellmonk_ghost_happy_afterlife
D:4:      layout_cave_pods, minmay_manual_moon, uniq_robin
D:5:      layout_basic, lemuel_tele_altar
D:6:      layout_cave_pools, nicolae_overflow_hidden_temple,
          ebering_ghost_sewer_f, skrybe_limestone_x, minmay_joined_circles

Action                     || total
---------------------------++-------
  Melee: Dagger            ||    19
         Short sword       ||     7
         Punch             ||     1
 Armour: Robe              ||     7
  Dodge: Dodged            ||    18
